 Dungeon Crawl Stone Soup version 0.21-a0-405-gf2af9a1 (webtiles) character file.

45446 ohad the Grappler (level 14, -2/129 HPs)
             Began as a Naga Transmuter on Nov 1, 2017.
             Was the Champion of Cheibriados.
             Slain by a minotaur
             ... wielding the +7 scimitar "Idufudd" {holy, +Blink rPois MR++ Dex-2}
              (22 damage)
             ... in a labyrinth.
             The game lasted 00:55:42 (18070 turns).

ohad the Grappler (Naga Transmuter)                Turns: 18070, Time: 00:55:42

Health: -2/129     AC: 13    Str: 28    XL:     14   Next: 33%
Magic:  20/23      EV: 23    Int: 36    God:    Cheibriados [******]
Gold:   1318       SH:  0    Dex: 36    Spells: 8/26 levels left

rFire    + + .     SeeInvis +     - Unarmed
rCold    . . .     Gourm    .   (shield currently unavailable)
rNeg     . . .     Faith    +   x - +2 chain mail {rF+}
rPois    +         Spirit   .   h - +0 hat {MR+}
rElec    .         Reflect  .   D - +1 cloak {rF+}
rCorr    .         Harm     .   (gloves currently unavailable)
MR       ++...                  (no barding)
Stlth    +++.......             F - amulet of faith
HPRegen  0.31/turn              E - ring of Uwirph {rPois Int+2 Dex+5}
MPRegen  0.18/turn              w - +3 ring of evasion

@: agile, blade hands, very slow
A: see invisible, deformed body, poison resistance, slowness 2, slow metabolism
1, spit poison 1, MP-powered wands, constrict 1, AC +4
a: Spit Poison, End Transformation, Bend Time, Temporal Distortion, Slouch, Step
From Time, Renounce Religion


You were in a labyrinth.
You worshipped Cheibriados.
Cheibriados was exalted by your worship.
You were hungry.
You had blades for hands.
You visited 2 branches of the dungeon, and saw 17 of its levels.
You also visited: Labyrinth, Ossuary and Volcano.

You collected 1318 gold pieces.

Inventory:

Hand Weapons
 b - a +2 dagger of pain
 p - a +3 demon blade of flaming (melded)
 A - a +0 blowgun
 R - a +1 arbalest of flaming
Missiles
 a - 259 arrows
 l - 45 bolts
 r - 21 poisoned needles
 G - 7 curare-tipped needles
Armour
 f - a +0 troll leather armour
 h - a +0 hat of magic resistance (worn)
 x - a +2 chain mail of fire resistance (worn)
 C - a +3 leather armour of fire resistance
 D - a +1 cloak of fire resistance (worn)
 T - a +2 pair of gloves of archery (melded)
Jewellery
 j - an uncursed ring of positive energy
 q - an uncursed ring of magical power
 w - a +3 ring of evasion (right scythe-like blade)
 E - the ring of Uwirph (left scythe-like blade) {rPois Int+2 Dex+5}
   (You found it on level 6 of the Lair of Beasts)

   [ring of poison resistance]

   It affects your intelligence (+2).
   It affects your dexterity (+5).
   It protects you from poison.
 F - an amulet of faith (around neck)
 J - an uncursed ring of stealth
 V - an uncursed ring of protection from fire
 Z - an uncursed ring of ice
Wands
 t - a wand of lightning (5/15)
 v - a wand of digging (6/24)
 N - a wand of digging (14/24)
Scrolls
 c - a scroll of summoning
 o - 10 scrolls of teleportation
 s - 5 scrolls of magic mapping
 u - 2 scrolls of acquirement {unknown}
 y - a scroll of blinking
 z - a scroll of holy word
 H - 5 scrolls of enchant armour
 I - a scroll of silence {unknown}
 K - a scroll of random uselessness {unknown}
 L - 8 scrolls of remove curse
 P - 3 scrolls of immolation {unknown}
 S - 2 scrolls of fog {unknown}
 Y - a scroll of recharging {unknown}
Potions
 e - 5 potions of curing
 g - 4 potions of lignification
 k - a potion of resistance
 m - 2 potions of cancellation
 n - 2 potions of might
 B - 3 potions of magic
 M - 2 potions of invisibility
 X - 2 potions of flight
Books
 Q - a book of Callings

   Spells                             Type                      Level
   a - Summon Small Mammal            Summoning                    1
   b - Call Imp                       Summoning                    2
   c - Call Canine Familiar           Summoning                    3
   d - Summon Guardian Golem          Hexes/Summoning              3
   e - Summon Lightning Spire         Summoning/Air                4
   f - Summon Ice Beast               Ice/Summoning                4
Comestibles
 d - 7 bread rations
 i - 6 royal jellies
 U - 5 meat rations


   Skills:
 - Level 9.0 Fighting
 - Level 4.3 Long Blades
 + Level 2.7 Armour
 - Level 8.8 Dodging
 - Level 8.8 Stealth
   Level 1.2 Shields
 - Level 14.0 Unarmed Combat
 - Level 6.5 Spellcasting
 - Level 2.2 Summonings
 * Level 7.9 Transmutations
 - Level 2.1 Ice Magic
 - Level 2.2 Air Magic
 - Level 5.0 Invocations


You had 8 spell levels left.
You knew the following spells:

 Your Spells              Type           Power        Failure   Level  Hunger
a - Blade Hands           Tmut           ######....   63%         5    ####...
b - Sticks to Snakes      Tmut           ######..     16%         2    None
c - Spider Form           Tmut/Pois      #####.....   47%         3    None
d - Ice Form              Ice/Tmut       #####...     67%         4    #......
e - Summon Lightning Spi  Summ/Air       ####....     91%         4    #......


Dungeon Overview and Level Annotations

Branches:
Dungeon (11/15)            Temple (0/1) D:7            Lair (6/6) D:9
 Shoals (0/4) Lair:2       Spider (0/4) Lair:4        Slime (0/5) Lair:6
    Orc: D:9-12

Altars:
Cheibriados
Dithmenos
Fedhas
Hepliaklqana
Kikubaaqudgha
Okawaru
Ru
Trog
Uskayaw
Vehumet
Wu Jian
Xom
Yredelemnul
Zin

Shops:
D:5 *}%   D:6 :   D:8 [   D:10 (


Innate Abilities, Weirdness & Mutations

You cannot wear boots.
Your serpentine skin is tough. (AC +4)
You have supernaturally acute eyesight. (SInv)
Armour fits poorly on your strangely shaped body.
Your system is resistant to poisons. (rPois)
You cover ground very slowly.
You have a slow metabolism.
You can spit poison.
You can use your snake-like lower body to constrict enemies.
You expend magic power (3 MP) to strengthen your wands.


Message History

A minotaur comes into view.
It is wielding an ancient scimitar {holy}.
There is an open door here.
The minotaur bellows!
The minotaur throws a stone.
The stone hits you!
The minotaur throws a stone.
The stone misses you.
The minotaur throws a stone.
The stone hits you!
You see here 2 stones.
The minotaur hits you with an ancient scimitar {holy}!!
The minotaur barely misses you.
The minotaur hits you with an ancient scimitar {holy}!
The minotaur gores you but does no damage.
You feel agile all of a sudden.
The minotaur hits you with an ancient scimitar {holy}!!
* * * LOW HITPOINT WARNING * * *
The minotaur gores you.
* * * LOW HITPOINT WARNING * * *
You slice the minotaur!! You grab the minotaur.
The minotaur is heavily wounded.
You constrict the minotaur.
The minotaur hits you with an ancient scimitar {holy}!!
You die...

#######
#≈≈≈≈≈#
#≈≈<≈≈#
#≈..H≈# .
###@### #.#
.. #..(..#
...#
#..###'###..
#...........
###.....#.#
# #...#.#.#
.. #####.#.#
## ..#.#
.###.### ##


You could see a minotaur.

Vanquished Creatures
  Gastronok (Lair:2)
  The ghost of zero the Cleaver, a journeyman GrBe of Trog (Lair:6)
  Fannar (D:10)
  4 hydras
  Sonja (Lair:1)
  2 ugly things (Volcano)
  An orc sorcerer (Volcano)
  A merfolk siren (Lair:2)
  The ghost of Insomnius the Sneak, a novice NaCK of Xom (D:6)
  7 black mambas
  A smoke demon (Volcano)
  9 spiny frogs
  6 komodo dragons
  A troll (D:10)
  5 hornets
  3 polar bears
  9 blink frogs
  2 hippogriffs (Lair:6)
  3 dream sheep (Lair:6)
  Sigmund (D:3)
  19 spriggans
  3 wyverns
  10 yaks (Lair:1)
  3 basilisks
  A steam dragon (D:10)
  14 water moccasins
  6 porcupines
  3 hell hounds
  7 black bears
  An ice beast (D:10)
  A sky beast (D:7)
  A necrophage (D:8)
  3 orc warriors
  5 ogres
  24 wolves
  4 centaurs
  9 crocodiles
  3 boggarts (Lair:6)
  An elf zombie (Ossuary)
  2 big kobolds
  11 bullfrogs
  A wyvern skeleton (D:8)
  2 scorpions
  10 killer bees
  5 wights (D:9)
  2 howler monkeys (D:8)
  2 crimson imps
  5 jellies
  A bullfrog zombie (D:6)
  3 centaur zombies (Ossuary)
  A quasit (D:6)
  6 hounds
  4 orc priests
  Crazy Yiuf (D:6)
  8 orc wizards
  Jessica (D:3)
  Ijyb (D:3)
  Natasha (twice) (D:3)
  10 worker ants
  4 hound zombies
  2 mummies (Ossuary)
  8 adders
  An ooze (D:1)
  2 adder zombies
  An adder skeleton (D:9)
  5 worms
  2 dart slugs
  6 leopard geckos
  39 orcs
  5 ball pythons
  6 bats
  6 giant cockroaches
  9 goblins
  11 hobgoblins
  5 quokkas
  3 frilled lizards
  2 goblin zombies (Ossuary)
  9 hobgoblin zombies (Ossuary)
  A jackal skeleton (D:8)
  2 jackal zombies
  12 kobolds
  11 kobold zombies (Ossuary)
  3 leopard gecko skeletons
  2 leopard gecko zombies
  6 orc zombies (Ossuary)
  8 rats
  3 rat zombies (Ossuary)
  2 plants
432 creatures vanquished.

Vanquished Creatures (others)
  11 fungi
  7 plants
18 creatures vanquished.

Grand Total: 450 creatures vanquished

Notes
Turn   | Place    | Note
-------+----------+-------------------------------------------
     0 | D:1      | ohad the Naga Transmuter began the quest for the Orb.
     0 | D:1      | Reached XP level 1. HP: 18/18 MP: 3/3
    24 | D:1      | Reached skill level 1 in Stealth
    30 | D:1      | You fall through a shaft!
    72 | D:2      | Reached XP level 2. HP: 11/25 MP: 5/5
    76 | D:2      | Learned a level 2 spell: Sticks to Snakes
   664 | D:1      | Reached skill level 1 in Shields
   664 | D:1      | Reached XP level 3. HP: 24/31 MP: 6/6
   721 | D:1      | Learned a level 3 spell: Spider Form
  1060 | D:2      | Reached XP level 4. HP: 32/38 MP: 7/7
  1279 | D:2      | Found a radiant altar of Vehumet.
  1306 | D:2      | Found an iron altar of Okawaru.
  1553 | D:2      | Found a hazy altar of Hepliaklqana.
  1821 | D:3      | Noticed Ijyb
  1836 | D:3      | Killed Ijyb
  2090 | D:3      | Reached XP level 5. HP: 36/44 MP: 8/8
  2238 | D:3      | Found a basalt altar of Yredelemnul.
  2269 | D:3      | Noticed Jessica
  2273 | D:3      | Noticed Natasha
  2281 | D:3      | Killed Natasha
  2285 | D:3      | Killed Jessica
  2285 | D:3      | Reached skill level 5 in Transmutations
  2455 | D:3      | Found a sacrificial altar of Ru.
  2458 | D:3      | Found an ornate altar of the Wu Jian Council.
  2461 | D:3      | Found a hide-covered altar of Uskayaw.
  2554 | D:3      | Noticed Natasha
  2562 | D:3      | Killed Natasha
  2562 | D:3      | Reached XP level 6. HP: 15/51 MP: 9/9
  2782 | D:3      | Found a snail-covered altar of Cheibriados.
  2792 | D:3      | Became a worshipper of Cheibriados the Contemplative
  2859 | D:3      | Noticed Sigmund
  2872 | D:3      | Killed Sigmund
  3138 | D:4      | Reached XP level 7. HP: 47/57 MP: 10/10
  3249 | D:4      | Learned a level 5 spell: Blade Hands
  3331 | D:4      | Reached * piety under Cheibriados
  3372 | D:4      | Found a blossoming altar of Fedhas.
  3516 | D:4      | Learned a level 4 spell: Ice Form
  3937 | D:4      | Found a glowing silver altar of Zin.
  4077 | D:5      | Entered Level 5 of the Dungeon
  4090 | D:5      | Reached XP level 8. HP: 44/68 MP: 14/14
  4171 | D:5      | Found Dunidd's Gadget Shop.
  4207 | D:5      | Found a sand-covered staircase.
  4216 | Ossuary  | Entered an ossuary
  4260 | Ossuary  | Reached ** piety under Cheibriados
  4468 | Ossuary  | Reached skill level 4 in Unarmed Combat
  4621 | D:5      | Found Iziamoboqa's Food Emporium.
  4676 | D:5      | Reached *** piety under Cheibriados
  4775 | D:5      | Found Qumeij's Assorted Antiques.
  5080 | D:5      | Reached skill level 5 in Unarmed Combat
  5358 | D:5      | Found a bloodstained altar of Trog.
  5486 | D:6      | Noticed Insomnius's ghost (novice NaCK)
  5816 | D:6      | Killed Insomnius's ghost
  5816 | D:6      | Reached skill level 7 in Unarmed Combat
  5816 | D:6      | Reached XP level 9. HP: 74/75 MP: 10/15
  5978 | D:6      | Found a runed door.
  5983 | D:6      | Noticed Crazy Yiuf
  5987 | D:6      | Killed Crazy Yiuf
  6121 | D:6      | Found an ancient bone altar of Kikubaaqudgha.
  6211 | D:6      | Found Ficullol's Book Emporium.
  6401 | D:6      | Reached **** piety under Cheibriados
  6611 | D:7      | Found a shimmering altar of Xom.
  6785 | D:7      | Found a staircase to the Ecumenical Temple.
  6826 | D:7      | Found a shadowy altar of Dithmenos.
  7320 | D:8      | Found Gaxkiewa's Antique Armour Boutique.
  7324 | D:8      | Reached skill level 1 in Invocations
  7988 | D:8      | Reached skill level 5 in Invocations
  8094 | D:8      | Reached XP level 10. HP: 67/87 MP: 16/16
  8095 | D:8      | Reached ***** piety under Cheibriados
  8100 | D:8      | Reached skill level 8 in Unarmed Combat
  8851 | D:9      | Found a staircase to the Lair.
  8865 | D:9      | Reached skill level 9 in Unarmed Combat
  8951 | Lair:1   | Entered Level 1 of the Lair of Beasts
  8951 | Lair:1   | Noticed a spiny frog
  8961 | Lair:1   | Killed a spiny frog
  8964 | Lair:1   | Noticed a spiny frog
  9138 | Lair:1   | Found a dark tunnel.
  9151 | Volcano  | Entered a volcano
  9253 | Volcano  | Noticed an orc sorcerer
  9266 | Volcano  | Killed an orc sorcerer
  9266 | Volcano  | Reached skill level 10 in Unarmed Combat
  9322 | Volcano  | Noticed a red ugly thing
  9322 | Volcano  | Noticed a smoke demon
  9323 | Volcano  | Noticed a red ugly thing
  9325 | Volcano  | Killed a smoke demon
  9330 | Volcano  | Killed a brown ugly thing
  9330 | Volcano  | Reached skill level 11 in Unarmed Combat
  9342 | Volcano  | Killed a red ugly thing
  9342 | Volcano  | Reached XP level 11. HP: 19/93 MP: 14/17
  9640 | Lair:1   | Noticed Sonja
 10165 | Lair:1   | Reached skill level 12 in Unarmed Combat
 10191 | Lair:1   | Killed Sonja
 10661 | Lair:1   | HP: 3/93 [yak (5)]
 11186 | Lair:1   | Reached skill level 1 in Long Blades
 12234 | Lair:2   | Reached skill level 5 in Fighting
 12243 | Lair:2   | Reached XP level 12. HP: 88/110 MP: 18/18
 12385 | Lair:2   | Gained mutation: You can use your snake-like lower body to constrict enemies. [Naga growth]
 12385 | Lair:2   | Reached XP level 13. HP: 115/117 MP: 19/19
 12406 | Lair:2   | Reached skill level 5 in Stealth
 12424 | Lair:2   | Found a staircase to the Shoals.
 12490 | Lair:2   | Noticed Gastronok
 12506 | Lair:2   | Killed Gastronok
 13447 | Lair:4   | Reached ****** piety under Cheibriados
 13704 | Lair:4   | Found a hole to the Spider Nest.
 13999 | Lair:4   | Got a spiked leather armour
 14170 | Lair:4   | Identified the +2 leather armour of the Moon {-Tele MP+9 Int+3 Dex+3} (You found it on level 4 of the Lair of Beasts)
 14363 | Lair:5   | Learned a level 4 spell: Summon Lightning Spire
 14775 | Lair:6   | Entered Level 6 of the Lair of Beasts
 14776 | Lair:6   | Noticed zero's ghost (journeyman GrBe)
 14778 | Lair:6   | Reached skill level 1 in Summonings
 14778 | Lair:6   | Reached skill level 1 in Air Magic
 15075 | Lair:6   | Found a staircase to the Slime Pits.
 15195 | Lair:6   | Reached skill level 5 in Spellcasting
 15388 | Lair:6   | Reached XP level 14. HP: 102/129 MP: 23/23
 15399 | Lair:6   | Reached skill level 13 in Unarmed Combat
 15461 | Lair:6   | Got a crude lapis lazuli ring
 15463 | Lair:6   | Identified the ring of Uwirph {rPois Int+2 Dex+5} (You found it on level 6 of the Lair of Beasts)
 16173 | Lair:6   | Killed zero's ghost
 16173 | Lair:6   | Reached skill level 14 in Unarmed Combat
 16745 | D:10     | Entered Level 10 of the Dungeon
 16825 | D:10     | Reached skill level 1 in Armour
 17207 | D:10     | Found Bojirel's Antique Weapon Shoppe.
 17209 | D:10     | Noticed Fannar
 17216 | D:10     | Killed Fannar
 17802 | D:11     | Gained mutation: You expend magic power (3 MP) to strengthen your wands. [mutagenic glow]
 17830 | D:11     | Found a labyrinth entrance.
 17838 | Lab      | Entered a labyrinth
 18070 | Lab      | Identified the +7 scimitar "Idufudd" {holy, +Blink rPois MR++ Dex-2}
 18070 | Lab      | Slain by a minotaur

Vault maps used:
D:1:      dpeg_arrival_simpleton_c
D:2:      old_standard_altar, vehumet_crystals, overflow_temple_1_default,
          first_bread
D:3:      yredelemnul_altar_generic, grunt_temple_overflow_diamond,
          serial_curves, eino_curves_02, eino_curves_04, cheibriados_altar_1,
          uniq_sigmund, uniq_natasha, uniq_ijyb, uniq_jessica
D:4:      lemuel_round_altar, fedhas_altar_2
D:5:      lightli_temple_of_fire, serial_shops, shop, shop, nicolae_shop_stone,
          lightli_ossuary_entry_decrepit_ruins
D:6:      kiku_gazebo_pond_becter, serial_shops, shop, kennysheep_dice,
          uniq_crazy_yiuf_cottage
D:7:      xom_butterflies, grunt_dithmenos_smoke_and_mirrors,
          minmay_temple_entry_statues_fountains
D:8:      serial_shops, shop
D:9:      david_lair_shrubbed
D:10:     serial_shops, shop, uniq_fannar
D:11:     lab_entry_generic
Lair:1:   enter_volcano_3, grunt_megastairs_3, uniq_sonja
Lair:2:   minmay_shoals_entry_lonely_mermaid, beast_lair_carwin_7,
          grunt_megastairs_4, uniq_gastronok
Lair:4:   spider_nest_entry_web_field, serial_bayou_pond_c, wad_woods_01
Lair:6:   minmay_lair_end_enchanted_forest, minmay_slime_entry_pillars,
          grunt_forest_small_clearing_treed
Lab:      labyrinth_watery, labyrinth_skeletal_remains, nicolae_lab_statue,
          nicolae_lab_blocks, lab_fountain
Ossuary:  ossuary_tomb_1
Volcano:  volcano_pools

Skill      XL: |  1  2  3  4  5  6  7  8  9 10 11 12 13 14 |
---------------+-------------------------------------------+-----
Stealth        | 2 3 8 |  8.8
Shields        | 1 |  1.2
Transmutations | 4 5 6 7 |  7.9
Spellcasting   | 4 6 |  6.5
Ice Magic      | 2 |  2.1
Fighting       | 2 3 4 7 9 |  9.0
Dodging        | 2 4 6 8 |  8.8
Unarmed Combat | 7 11 12 14 | 14.0
Invocations    | 5 |  5.0
Long Blades    | 4 |  4.3
Summonings     | 2 |  2.2
Air Magic      | 2 |  2.2
Armour         | 2 |  2.7

Action                   |  1- 3 |  4- 6 |  7- 9 | 10-12 | 13-15 || total
-------------------------+-------+-------+-------+-------+-------++-------
Melee: Unarmed           |    40 |    11 |   213 |   151 |   147 ||   562
       Headbutt          |     1 |     7 |       |       |       ||     8
       Short sword       |    35 |    92 |   152 |    20 |       ||   299
       Punch             |       |     1 |    12 |    16 |    40 ||    69
       Demon blade       |       |       |       |    30 |   102 ||   132
       Constrict         |       |       |       |       |    55 ||    55
 Cast: Beastly Appendage |    10 |     7 |       |       |       ||    17
       Spider Form       |       |     2 |     4 |       |       ||     6
       Sticks to Snakes  |       |     2 |     2 |     2 |       ||     6
       Blade Hands       |       |       |    27 |    19 |    27 ||    73
       Ice Form          |       |       |       |     4 |       ||     4
Invok: Slouch            |       |       |       |     3 |     2 ||     5
       Step From Time    |       |       |       |       |     1 ||     1
 Abil: Spit Poison       |    13 |    21 |    12 |     3 |     3 ||    52
  Use: Scroll            |     2 |    10 |     7 |     8 |     5 ||    32
       Potion            |       |       |     1 |     4 |     1 ||     6
 Stab: Sleeping          |       |     4 |    14 |     2 |    17 ||    37
       Distracted        |       |     1 |       |       |     3 ||     4
  Eat: Chunk             |     1 |     7 |    11 |     6 |    14 ||    39
       Meat ration       |       |       |     1 |     2 |       ||     3
       Bread ration      |       |       |     1 |       |       ||     1
       Fruit             |       |       |       |       |     6 ||     6
Armor: Robe              |    15 |    30 |   137 |    49 |       ||   231
       Skin              |       |       |     1 |     2 |       ||     3
       Leather armour    |       |       |       |    26 |    75 ||   101
       Chain mail        |       |       |       |       |    12 ||    12
Dodge: Dodged            |    33 |    67 |   253 |   191 |   289 ||   833
Block: Buckler           |     3 |    14 |       |       |       ||    17
       Rpst.: Demon blade |       |       |       |    13 |    34 ||    47

Table legend:
 A = Spawn XP
 B = Non-spawn XP
 C = Spawn XP percentage of total XP
 D = Spawn monster count
 E = Non-spawn monster count
 F = Spawn count percentage of total count
 G = Total turns spent on level
                    A         B        C        D         E        F      G
               +---------+---------+-------+---------+---------+-------+---------
         Total |       0 |   51429 |   0.0 |       0 |     430 |   0.0 | 18070
               +---------+---------+-------+---------+---------+-------+---------
           D:1 |       0 |      42 |   0.0 |       0 |      21 |   0.0 |   718
           D:2 |       0 |      64 |   0.0 |       0 |      28 |   0.0 |  1043
           D:3 |       0 |     455 |   0.0 |       0 |      25 |   0.0 |  1243
           D:4 |       0 |     630 |   0.0 |       0 |      24 |   0.0 |  1091
           D:5 |       0 |     333 |   0.0 |       0 |      14 |   0.0 |  1209
           D:6 |       0 |    1083 |   0.0 |       0 |      25 |   0.0 |   809
           D:7 |       0 |     627 |   0.0 |       0 |      15 |   0.0 |   728
           D:8 |       0 |    1693 |   0.0 |       0 |      36 |   0.0 |  1109
           D:9 |       0 |    1099 |   0.0 |       0 |      12 |   0.0 |   662
          D:10 |       0 |    2626 |   0.0 |       0 |      22 |   0.0 |  1024
          D:11 |       0 |     119 |   0.0 |       0 |       4 |   0.0 |    69
        Lair:1 |       0 |    7813 |   0.0 |       0 |      35 |   0.0 |  2630
        Lair:2 |       0 |    5740 |   0.0 |       0 |      24 |   0.0 |   817
        Lair:3 |       0 |    1731 |   0.0 |       0 |       4 |   0.0 |   552
        Lair:4 |       0 |    6422 |   0.0 |       0 |      23 |   0.0 |   838
        Lair:5 |       0 |    2468 |   0.0 |       0 |      11 |   0.0 |   869
        Lair:6 |       0 |   15855 |   0.0 |       0 |      63 |   0.0 |  1576
       Ossuary |       0 |     303 |   0.0 |       0 |      39 |   0.0 |   378
       Volcano |       0 |    2326 |   0.0 |       0 |       5 |   0.0 |   473
               +---------+---------+-------+---------+---------+-------+---------
